 Dungeon Crawl Stone Soup version 0.32-a0-613-g40f424ee2b (webtiles) character file.

Game seed: 9742005342285667722

47056 CrazyBamboolord the Blocker (level 14, -7/130 HPs)
             Began as a Minotaur Fighter on Mar 5, 2024.
             Was a High Priest of Beogh.
             Killed by divine providence
             ... invoked by Gorg the orc apostle
              (14 damage)
             ... on level 4 of the Lair of Beasts.
             The game lasted 00:39:45 (19318 turns).

CrazyBamboolord the Blocker (Minotaur Fighter)     Turns: 19318, Time: 00:39:46

Health: -7/130     AC: 29    Str: 24    XL:     14   Next: 7%
Magic:  21/21      EV: 24    Int:  8    God:    Beogh [*****.]
Gold:   1186       SH: 21    Dex: 12    Spells: 13/13 levels left

rFire   + . .        h - +1 demon whip (venom)
rCold   . . .        g - +4 tower shield {rF+}
rNeg    . . .        z - +0 swamp dragon scales
rPois   +            O - +2 hat {Int+3}
rElec   .            y - +2 cloak
rCorr   .            N - +0 pair of gloves of Wocosist {Stlth+}
SInv    .            V - +1 pair of boots
Will    +....        C - amulet of the acrobat
Stlth   ++           L - +4 ring of protection
HPRegen 0.41/turn    F - +4 ring of protection
MPRegen 0.17/turn

%: acrobat
@: mighty, acrobatic
A: walk on water, horns 2, retaliatory headbutt
a: Renounce Religion, Smiting, Recall Apostles, Blood for Blood, Dismiss Wardok,
wizard, Dismiss Marbaugh, priest, Dismiss Olfik, priest


You were on level 4 of the Lair of Beasts.
You worshipped Beogh.
Beogh was extremely pleased with you.
You visited 3 branches of the dungeon, and saw 16 of its levels.
You also visited: Ossuary, Gauntlet and Volcano.

You collected 1492 gold pieces.
You spent 306 gold pieces at shops.

Inventory:

Hand Weapons
 h - a +1 demon whip of venom (weapon)
Missiles
 k - a throwing net
 Q - 2 silver javelins (quivered)
Armour
 a - a +1 chain mail of fire resistance
 g - a +4 tower shield of fire resistance (worn)
 y - a +2 cloak (worn)
 z - +0 swamp dragon scales (worn)
 N - the +0 pair of gloves of Wocosist (worn) {Stlth+}
   (You found it in a Gauntlet)

   Stlth+:    It makes you more stealthy.
 O - a +2 hat of intelligence (worn)
 V - a +1 pair of boots (worn)
Jewellery
 n - a ring of flight
 A - a +6 ring of dexterity
 C - an amulet of the acrobat (around neck)
 F - a +4 ring of protection (right hand)
 L - a +4 ring of protection (left hand)
 M - a ring of fire
Wands
 b - a wand of flame (39)
 e - a wand of roots (14)
 l - a wand of acid (8)
 m - a wand of paralysis (21)
Scrolls
 f - 6 scrolls of teleportation
 o - 2 scrolls of immolation
 s - a scroll of poison
 t - 2 scrolls of noise
 K - 2 scrolls of vulnerability
 R - a scroll of revelation
 T - a scroll of amnesia
Potions
 d - 3 potions of might
 i - 3 potions of enlightenment
 j - 4 potions of attraction
 p - 4 potions of brilliance {unknown}
 q - 4 potions of lignification
 r - 2 potions of haste
 u - 2 potions of berserk rage
 v - 4 potions of mutation
 w - 4 potions of resistance {unknown}
 D - a potion of degeneration {unknown}
Miscellaneous
 G - a lightning rod (4/4)
 H - a box of beasts
 S - a phial of floods


   Skills:
 + Level 13.9 Fighting
 + Level 13.6 Maces & Flails
 + Level 13.9 Armour
 + Level 13.9 Shields
 + Level 10.7 Invocations


You had 13 spell levels left.
You didn't know any spells.
Your spell library contained the following spells:

 Spells                   Type           Power      Damage    Failure   Level
 Freeze                   Ice            0%         1d3       85%         1
 Summon Small Mammal      Summ           0%         N/A       85%         1
 Call Imp                 Summ           0%         N/A       94%         2
 Lesser Beckoning         Tloc           0%         N/A       94%         2
 Static Discharge         Conj/Air       0%         3-3/arc   94%         2
 Sublimation of Blood     Necr           0%         N/A       94%         2
 Frozen Ramparts          Ice            0%         1d1       99%         3
 Gell's Gravitas          Tloc           0%         N/A       99%         3
 Hailstorm                Conj/Ice       0%         3d5       99%         3
 Teleport Other           Tloc           0%         N/A       99%         3
 Tukima's Dance           Hex            0%         N/A       99%         3
 Volatile Blastmotes      Fire/Tloc      0%         2d10      99%         3
 Airstrike                Air            0%         2d(0-16)  100%        4
 Animate Dead             Necr           0%         N/A       100%        4
 Dimensional Bullseye     Hex/Tloc       0%         N/A       100%        4
 Fulminant Prism          Conj/Alch      0%         3d5       100%        4
 Iskenderun's Mystic Bla  Conj/Tloc      0%         2d3       100%        4
 Leda's Liquefaction      Alch/Erth      0%         N/A       100%        4
 Passage of Golubria      Tloc           0%         N/A       100%        4
 Summon Lightning Spire   Summ/Air       0%         N/A       100%        4
 Borgnjor's Vile Clutch   Necr/Erth      0%         N/A       100%        5
 Lee's Rapid Deconstruct  Erth           0%         3d4*      100%        5
 Summon Forest            Summ/Tloc      0%         N/A       100%        5
 Summon Mana Viper        Hex/Summ       0%         N/A       100%        5
 Yara's Violent Unravell  Hex/Alch       0%         3d3       100%        5
 Bombard                  Conj/Erth      0%         9d1       100%        6
 Summon Cactus Giant      Summ           0%         N/A       100%        6
 Haunt                    Necr/Summ      0%         N/A       100%        7
 Summon Hydra             Summ           0%         N/A       100%        7
 Infestation              Necr           0%         N/A       100%        8


Dungeon Overview and Level Annotations

Branches:
Dungeon (11/15)            Temple (1/1) D:4            Lair (4/5) D:8
  Swamp (0/4) Lair:2        Snake (0/4) Lair:3          Orc (0/2) D:11
Ossuary (visited)         Volcano (visited)         Gauntlet (visited)
  Slime: Lair:4-5

Altars:
Ashenzari
Cheibriados
Dithmenos
Elyvilon
Fedhas
Gozag
Hepliaklqana
Kikubaaqudgha
Makhleb
Nemelex Xobeh
Okawaru
Qazlal
Ru
Sif Muna
Trog
Uskayaw
Vehumet
Wu Jian
Xom
Yredelemnul
Zin
The Shining One

Shops:
D:3 ?

Annotations:
Temple exclusion: electric eel


Innate Abilities, Weirdness & Mutations

You can walk on water.
Your facial features are unmistakably orcish.
You have a pair of horns on your head.
You reflexively headbutt those who attack you in melee.


Message History

Beogh smites you!
* * * LOW HITPOINT WARNING * * *
Olfik hits Gorg but does no damage.
Gorg looks as sick as possible!
You closely miss Gorg. You headbutt Gorg, but do no damage.
Gorg is moderately wounded.
Your water moccasin completely misses Gorg.
Your water moccasin closely misses Gorg.
You thrash Gorg!!
Gorg looks as sick as possible!
Your headbutt misses Gorg.
Gorg is heavily wounded.
You block Gorg's attack.
Olfik completely misses Gorg.
Your water moccasin bites Gorg.
Your water moccasin barely misses Gorg.
You barely miss Gorg.
Gorg is moderately wounded.
Your water moccasin bites Gorg.
Gorg looks as sick as possible!
Your water moccasin poisons Gorg!
Your water moccasin closely misses Gorg.
Olfik hits Gorg with a +0 morningstar of venom!
Gorg looks as sick as possible!
You closely miss Gorg.
Gorg is heavily wounded.
Gorg hits you but does no damage.
Your water moccasin barely misses Gorg.
Your water moccasin bites Gorg.
You closely miss Gorg. You headbutt Gorg, but do no damage.
Gorg is heavily wounded.
Olfik barely misses Gorg.
Your water moccasin barely misses Gorg.
You barely miss Gorg.
Gorg is heavily wounded.
Your water moccasin bites Gorg but does no damage.
Gorg calls down the wrath of Beogh upon you.
Beogh smites you!
* * * LOW HITPOINT WARNING * * *
Unknown command.
Your water moccasin barely misses Gorg.
Your water moccasin bites Gorg but does no damage.
Olfik calls down the wrath of Beogh upon Gorg.
Gorg is smitten.
Your water moccasin barely misses Gorg. x2
Gorg mumbles some strange prayers to Beogh against you.
Beogh smites you!
You die...
Beogh appreciates Gorg's killing of a heretic priest.

*** * ***** *,****** ***,,,***
### *,,,,,,, *,,,,,,,*
######.#### *,,,,,,, *,,,,,,,*
#.........# **,,,,,, *,,,,,,,*
#....^@...# *,,,,,,
,,,,,,,,*##....S....#*##***,,,,,,
,,,,,,,,+#......o...+..#,**,,,,,,
*,,,,,,,*##....So....#,*,*,,,,,,,
,,,,,,,,* #...##....##,,,,,,,,,,,
***+,*,,* ##.###.####*,,*,,,,,,,,
***,,,,,* ####..## ****,****,,*
,*,,*,,,** #...## *******,,
*,,,***,,** ###.>## ***,*,**


You could see Gorg the orc apostle (regenerating, extremely poisoned, ally
target, divinely empowered), the friendly Olfik the orc apostle and 2 friendly
water moccasins.

Vanquished Creatures
  A minotaur (Gauntlet)
  A catoblepas (Gauntlet)
  A centaur warrior (D:8)
  3 two-headed ogres
  A tengu warrior (Gauntlet)
  A hell knight (Volcano)
  An orc knight (Lair:4)
  An oklob plant (Lair:1)
  2 cyclopes
  A spectral centaur (Gauntlet)
  A salamander (Volcano)
  A black mamba (Lair:3)
  A centaur zombie (Gauntlet)
  A molten gargoyle (Volcano)
  6 elephants
  2 cane toads
  4 gargoyles
  An orange demon (Lair:3)
  Maggie (D:7)
  2 komodo dragons
  A tengu conjurer (Gauntlet)
  3 trolls
  A hornet (D:11)
  Grinder (D:3)
  10 blink frogs
  A meliai zombie (Gauntlet)
  Sigmund (D:6)
  A shadow (D:9)
  4 wraiths
  2 wyverns
  5 basilisks
  18 yaks
  A steam dragon (Lair:3)
  A fire bat (D:9)
  A warg (D:8)
  3 vampire mosquitoes (D:11)
  Menkaure (D:5)
  Edmund (D:6)
  An acid dragon (D:10)
  A naga (Lair:3)
  2 water moccasins (Lair:1)
  Duvessa (D:5)
  2 sky beasts (D:8)
  5 ice beasts
  4 black bears
  An orc warrior (D:6)
  4 ogres
  9 wolves
  A centaur (D:5)
  4 kobold brigands
  A phantom (D:5)
  A gnoll sergeant (D:9)
  8 bullfrogs
  11 wights
  3 scorpions
  Dowan (D:5)
  3 killer bees
  7 howler monkeys
  An electric eel (D:7)
  A bombardier beetle (D:7)
  A hound (D:5)
  A jelly (D:7)
  5 orc priests
  3 sleepcaps
  6 iguanas
  9 orc wizards
  9 mummies
  12 gnolls
  7 adders
  A dart slug (D:4)
  A ribbon worm (D:4)
  27 orcs
  7 ball pythons
  24 bats
  6 endoplasms
  7 giant cockroaches
  25 hobgoblins
  3 quokkas
  3 frilled lizards
  3 gnoll zombies (Ossuary)
  32 goblins
  A hobgoblin zombie (Ossuary)
  25 kobolds
  2 kobold zombies (Ossuary)
  2 orc zombies (Ossuary)
  6 rats
389 creatures vanquished.

Vanquished Creatures (collateral kills)
  2 hydras
  A two-headed ogre (D:10)
  4 death yaks (Lair:1)
  Amaemon (Lair:3)
  A death drake (Gauntlet)
  A flayed ghost (D:9)
  3 deep elf pyromancers
  2 cyclopes (Volcano)
  An ugly thing (D:11)
  6 elephants
  4 molten gargoyles (Volcano)
  A black mamba (Lair:3)
  A cane toad (Lair:3)
  An unseen horror (D:11)
  A rime drake (Lair:1)
  A troll (D:11)
  13 blink frogs
  A wraith (D:9)
  A shadow (D:9)
  2 wyverns
  A fire bat (D:9)
  12 yaks
  2 steam dragons
  A vampire mosquito (D:11)
  2 nagas (Lair:3)
  2 water moccasins
  An acid dragon (D:8)
  10 wolves
  An ogre (Lair:4)
  A kobold brigand (D:9)
  4 bullfrogs
  A scorpion (Lair:1)
  4 wights (D:10)
  A killer bee (D:9)
  2 orc priests (D:9)
  An orc wizard (D:9)
  5 gnolls (D:9)
  An orc (D:11)
  4 kobolds (D:9)
  3 bats (D:9)
  A butterfly (Lair:2)
108 creatures vanquished.

Vanquished Creatures (others)
  A salamander mystic (Volcano)
  5 orc apostles
  An orc warrior (Lair:1)
  An orc priest (Lair:1)
  11 orcs
19 creatures vanquished.

Grand Total: 516 creatures vanquished

Notes
Turn   | Place    | Note
-------+----------+-------------------------------------------
     0 | D:1      | CrazyBamboolord the Minotaur Fighter began the quest for
                  | the Orb.
     0 | D:1      | Reached XP level 1. HP: 19/19 MP: 0/0
   163 | D:1      | Reached XP level 2. HP: 27/27 MP: 1/1
   675 | D:2      | Reached XP level 3. HP: 22/33 MP: 2/2
  1764 | D:3      | Reached XP level 4. HP: 21/41 MP: 3/3
  1852 | D:3      | Noticed Grinder
  1856 | D:3      | Paralysed by Grinder for 3 turns
  1864 | D:3      | Paralysed by Grinder for 2 turns
  1866 | D:3      | Killed Grinder
  1867 | D:3      | Reached skill level 5 in Fighting
  1867 | D:3      | Reached skill level 5 in Armour
  1867 | D:3      | Reached skill level 5 in Shields
  1867 | D:3      | Reached XP level 5. HP: 21/48 MP: 4/4
  1867 | D:3      | Reached XP level 6. HP: 24/56 MP: 5/5
  1987 | D:3      | Found a shadowy altar of Dithmenos.
  2035 | D:3      | Found Coidana's Magic Scroll Shoppe.
  2043 | D:3      | Bought a scroll of blinking for 90 gold pieces
  2043 | D:3      | Bought a scroll of teleportation for 36 gold pieces
  3039 | D:4      | Identified the +7 short sword of the Forest {chaos, *Noise
                  | rPois rC++}
  3356 | D:4      | Reached XP level 7. HP: 62/62 MP: 6/6
  3359 | D:4      | Found a staircase to the Ecumenical Temple.
  3368 | Temple   | Entered the Ecumenical Temple
  3906 | D:4      | Reached skill level 5 in Maces & Flails
  4393 | D:4      | Became a worshipper of Beogh the Shepherd
  4553 | D:5      | Entered Level 5 of the Dungeon
  4842 | D:5      | Got the Treatise on the Boulder and the Swarm
  4943 | D:5      | Reached skill level 1 in Invocations
  5326 | D:5      | Noticed Duvessa
  5327 | D:5      | Noticed Dowan
  5434 | D:5      | Reached XP level 8. HP: 63/71 MP: 8/8
  5549 | D:5      | Noticed Menkaure
  5555 | D:5      | Killed Menkaure
  5821 | D:5      | Killed Duvessa
  5822 | D:5      | Killed Dowan
  6677 | D:6      | Reached XP level 9. HP: 52/79 MP: 10/10
  6692 | D:6      | Found a sand-covered staircase.
  6699 | Ossuary  | Entered an ossuary
  6758 | Ossuary  | Reached * piety under Beogh
  7621 | D:6      | Noticed Sigmund
  7625 | D:6      | Killed Sigmund
  7667 | D:6      | Noticed Edmund
  7679 | D:6      | Killed Edmund
  8147 | D:7      | Reached ** piety under Beogh
  8225 | D:7      | Noticed Maggie
  8227 | D:7      | Paralysed by Maggie for 5 turns
  8238 | D:7      | Killed Maggie
  8576 | D:7      | Reached skill level 5 in Invocations
  8693 | D:7      | Reached XP level 10. HP: 90/90 MP: 12/12
  9156 | D:8      | Found a stormy altar of Qazlal.
  9237 | D:8      | Found an ornate altar of the Wu Jian Council.
  9484 | D:8      | Reached *** piety under Beogh
  9498 | D:8      | Identified the +6 dagger "Veukic" {freeze, rElec}
  9498 | D:8      | Noticed Wardok
  9517 | D:8      | Anointed Wardok the wizard as your apostle
  9763 | D:8      | Found a staircase to the Lair.
  9963 | D:8      | Found a hide-covered altar of Uskayaw.
 10107 | D:8      | Noticed a centaur warrior
 10115 | D:8      | Killed a centaur warrior
 10537 | D:8      | Reached skill level 10 in Shields
 10550 | D:8      | Identified the maw talisman of the Meadowlark {Will++ Str-4
                  | Dex+3 SInv}
 10728 | D:9      | Reached skill level 10 in Fighting
 10775 | D:9      | Noticed Marbaugh
 10792 | D:9      | Anointed Marbaugh the priest as your apostle
 11181 | D:9      | Reached **** piety under Beogh
 11339 | D:9      | Found a burning altar of Makhleb.
 11349 | D:9      | Reached skill level 10 in Armour
 11349 | D:9      | Reached XP level 11. HP: 88/99 MP: 14/14
 11360 | D:9      | Found a stormy altar of Qazlal.
 11368 | D:9      | Found a runed translucent door.
 11397 | D:9      | Found a sacrificial altar of Ru.
 11419 | D:9      | Found a sparkling altar of Nemelex Xobeh.
 11430 | D:9      | Found an opulent altar of Gozag.
 11466 | D:9      | Found a hide-covered altar of Uskayaw.
 11489 | D:9      | Noticed a flayed ghost
 11489 | D:9      | Found the +16 obsidian axe {drain, demonic, Mesm ^Drain Fly
                  | SInv}
 11499 | D:9      | Killed a flayed ghost
 11500 | D:9      | Reached skill level 10 in Maces & Flails
 11689 | D:10     | Entered Level 10 of the Dungeon
 12083 | D:10     | Noticed a two-headed ogre
 12089 | D:10     | Your ally Wardok died
 12090 | D:10     | Killed a two-headed ogre
 12137 | D:10     | Noticed a two-headed ogre
 12142 | D:10     | Killed a two-headed ogre
 12925 | D:11     | Noticed a two-headed ogre
 12931 | D:11     | Killed a two-headed ogre
 12990 | D:11     | Noticed a two-headed ogre
 12997 | D:11     | Killed a two-headed ogre
 13079 | D:11     | Noticed a deep elf pyromancer
 13084 | D:11     | Killed a deep elf pyromancer
 13339 | D:11     | Noticed a cyan ugly thing
 13360 | D:11     | Killed a cyan ugly thing
 13360 | D:11     | Reached ***** piety under Beogh
 13361 | D:11     | Reached XP level 12. HP: 48/110 MP: 15/17
 13531 | D:11     | Found a staircase to the Orcish Mines.
 13838 | Lair:1   | Entered Level 1 of the Lair of Beasts
 14105 | Lair:1   | Noticed Olfik
 14114 | Lair:1   | Anointed Olfik the priest as your apostle
 14348 | Lair:1   | Noticed a death yak
 14350 | Lair:1   | Noticed a death yak
 14351 | Lair:1   | Noticed a death yak
 14355 | Lair:1   | Noticed a death yak
 14357 | Lair:1   | Your ally Olfik died
 14360 | Lair:1   | Killed a death yak
 14362 | Lair:1   | Killed a death yak
 14364 | Lair:1   | Killed a death yak
 14373 | Lair:1   | Killed a death yak
 15050 | Lair:2   | Found a gate leading to a gauntlet.
 15074 | Gauntlet | Entered a Gauntlet
 15074 | Gauntlet | Noticed a catoblepas
 15074 | Gauntlet | Found a transporter.
 15083 | Gauntlet | Found a transporter.
 15085 | Gauntlet | Found a transporter.
 15096 | Gauntlet | Found a transporter.
 15099 | Gauntlet | Found a transporter.
 15107 | Gauntlet | Found a transporter.
 15126 | Gauntlet | Found a transporter.
 15134 | Gauntlet | Found a transporter.
 15146 | Gauntlet | Found a transporter.
 15147 | Gauntlet | Found a runed translucent door.
 15147 | Gauntlet | Noticed a six-headed hydra
 15148 | Gauntlet | Found a runed translucent door.
 15161 | Gauntlet | Found a transporter.
 15173 | Gauntlet | Found a runed translucent door.
 15175 | Gauntlet | Found a transporter.
 15175 | Gauntlet | Found a transporter.
 15178 | Gauntlet | Found a runed translucent door.
 15178 | Gauntlet | Noticed a tengu warrior
 15229 | Gauntlet | Found a transporter.
 15229 | Gauntlet | Found a transporter.
 15478 | Gauntlet | Killed a catoblepas
 15529 | Gauntlet | Killed a tengu warrior
 15530 | Gauntlet | Reached XP level 13. HP: 119/119 MP: 19/19
 15542 | Gauntlet | Identified the +0 pair of gloves of Wocosist {Stlth+}
 15597 | Gauntlet | Your ally Olfik died
 15792 | Gauntlet | Noticed a minotaur
 15807 | Gauntlet | Killed a minotaur
 15931 | Lair:2   | Found a staircase to the Swamp.
 16547 | Lair:3   | Reached skill level 10 in Invocations
 16771 | Lair:3   | Identified the +2 shortbow of Ytro {heavy, rC++ Will- Int+2
                  | Dex-4}
 17270 | Lair:3   | Noticed Amaemon
 17276 | Lair:3   | Killed Amaemon
 17333 | Lair:3   | Found a staircase to the Snake Pit.
 18190 | D:3      | Bought a scroll of enchant weapon for 90 gold pieces
 18190 | D:3      | Bought a scroll of revelation for 90 gold pieces
 18413 | Lair:4   | Found a dark tunnel.
 18419 | Volcano  | Entered a volcano
 18641 | Volcano  | Your ally Marbaugh died
 18642 | Volcano  | Your ally Wardok died
 18970 | Volcano  | Reached XP level 14. HP: 130/130 MP: 20/20
 19009 | Volcano  | Noticed an orb of fire
 19013 | Volcano  | Noticed an orb of fire
 19276 | Lair:4   | Noticed Gorg
 19317 | Lair:4   | HP: 6/130 [Gorg the orc apostle/divine providence (13)]
 19318 | Lair:4   | Killed from afar by Gorg the orc apostle

Illustrated notes

Levels and vault maps discovered:
D:1:      shiori_arrival_oz, layout_basic
D:2:      minmay_wonky_spiral, layout_loops_corners, serial_aquarium,
          aquarium_bridge_square [aquarium_subvault_bridge,
          aquarium_subvault_bridge, aquarium_subvault_bridge,
          aquarium_subvault_bridge], aquarium_bridge_square
          [aquarium_subvault_bridge, aquarium_subvault_wall,
          aquarium_subvault_wall, aquarium_subvault_bridge],
          aquarium_window_corridor_3, aquarium_window_1, aquarium_window_2,
          aquarium_window_2, aquarium_view_4, aquarium_view_2d
D:3:      minmay_goblin_kobold_castle, layout_rooms, lemuel_tele_altar,
          serial_shops, shop, uniq_grinder
D:4:      layout_basic, minmay_temple_entry_mist, roderic_batcave
D:5:      layout_layer_cave, lemuel_flamethrower_2, uniq_duvessa, uniq_menkaure
D:6:      layout_loops_ring, gup_ossuary_entry_pyramid, kennysheep_nondescript,
          sigmund_edmund_badplayer
D:7:      layout_loops_ring, minmay_misc_feat_doors, minivault_4, uniq_maggie
D:8:      cheibrodos_barr_body, layout_loops_corners, nzn_wu_jian_council_hall,
          mainiacjoe_overflow_catch_the_wave, erik_lair_orcish_takeover
D:9:      due_megacathedral, layout_basic, hangedman_corner_corridor
D:10:     layout_stronghold
D:11:     layout_roguey, orc_0_dummy
Temple:   compressed_dpeg_circular_temple
Lair:1:   minmay_lair_oklob_chamber, layout_gridlike, grunt_megastairs_5,
          lemuel_fruit_fields
Lair:2:   hellmonk_ruined_rings, layout_chaotic_city, swamp_mist,
          gauntlet_entry_generic, lemuel_fruit_fields
Lair:3:   layout_cave_pods, nicolae_snake_entry_squirm, wad_woods_road_01,
          uniq_amaemon
Lair:4:   layout_roguey, enter_volcano_1, st_stairs_12, beast_lair_carwin_11,
          lemuel_fruit_fields

Skill      XL: |  1  2  3  4  5  6  7  8  9 10 11 12 13 |
---------------+----------------------------------------+-----
Fighting       | 4 5 6 7 8 10 11 12 13 | 13.9
Armour         | 4 5 6 7 8 10 11 12 13 | 13.9
Shields        | 4 5 6 7 8 10 11 12 13 | 13.9
Maces & Flails | 3 4 5 7 8 9 11 12 13 | 13.6
Invocations    | 1 3 5 6 8 9 10 | 10.7

Action                     |  1- 3 |  4- 6 |  7- 9 | 10-12 | 13-15 || total
---------------------------+-------+-------+-------+-------+-------++-------
  Melee: Flail             |    90 |   138 |   291 |     3 |       ||   522
         Headbutt          |     7 |    17 |    56 |    90 |    84 ||   254
         Morningstar       |       |       |       |   378 |   141 ||   519
         Demon whip        |       |       |       |       |   103 ||   103
  Throw: Throwing net      |       |       |       |     1 |       ||     1
         Javelin           |       |       |       |       |     2 ||     2
 Invoke: Convert to Beogh  |       |       |     1 |       |       ||     1
         Recruit Apostle   |       |       |       |     3 |       ||     3
         Recall Apostles   |       |       |       |     1 |     3 ||     4
         Blood for Blood   |       |       |       |     1 |       ||     1
  Evoke: Wand              |       |       |       |     1 |       ||     1
    Use: Potion            |       |     1 |     2 |     4 |     8 ||    15
         Scroll            |       |       |    14 |     7 |     9 ||    30
   Stab: Distracted        |       |       |       |    12 |     7 ||    19
         Sleeping          |       |       |       |       |     1 ||     1
 Armour: Scale mail        |    80 |   132 |   234 |       |       ||   446
         Swamp dragon scal |       |       |    25 |   261 |   196 ||   482
         Chain mail        |       |       |       |       |     3 ||     3
  Dodge: Dodged            |    52 |    69 |   147 |   153 |   115 ||   536
  Block: Buckler           |    29 |    42 |    72 |    76 |       ||   219
         Kite shield       |       |       |       |   126 |   148 ||   274
         Tower shield      |       |       |       |       |    11 ||    11

Table legend: (Time is in decaauts)
 A = Elapsed time spent in this place.
 B = Non-inter-level travel time spent in this place.
 C = Inter-level travel time spent in this place.
 D = Time resting spent in this place.
 E = Time spent auto-exploring this place.
 F = Levels seen in this place.
 G = Mean time per level.
                   A        B        C        D        E       F      G
               +--------+--------+--------+--------+--------+-----+--------+
         Total |  19453 |  18416 |   1037 |   2792 |  11665 |  19 | 1023.8 |
       Dungeon |  13734 |  13060 |    674 |   1719 |   9032 |  11 | 1248.5 |
        Temple |    183 |    151 |     32 |    100 |      0 |   1 |  183.0 |
          Lair |   3546 |   3216 |    330 |    276 |   2372 |   4 |  886.5 |
       Ossuary |    323 |    323 |      0 |    108 |     28 |   1 |  323.0 |
       Volcano |    812 |    812 |      0 |    387 |      0 |   1 |  812.0 |
      Gauntlet |    852 |    852 |      0 |    202 |    232 |   1 |  852.0 |
               +--------+--------+--------+--------+--------+-----+--------+

Top non-repeatable levels by time:
     D:5: 1831 daAuts
     D:8: 1818 daAuts
     D:4: 1512 daAuts
  Lair:3: 1495 daAuts
     D:6: 1414 daAuts
     D:3: 1406 daAuts
  Lair:1: 1134 daAuts
    D:11: 1075 daAuts
     D:2: 1057 daAuts
    D:10: 1038 daAuts
     D:9: 1000 daAuts
     D:7: 934 daAuts
Gauntlet: 852 daAuts
  Lair:2: 828 daAuts
 Volcano: 812 daAuts
